 Dungeon Crawl Stone Soup version 0.27-a0-562-g0d39f094a4 (webtiles) character file.

Game seed: 1868903866508552318

274 jestyr24 the Conjurer (level 6, -3/48 HPs)
             Began as a Draconian Conjurer on Mar 8, 2021.
             Was an Initiate of Vehumet.
             Slain by a phantom (8 damage)
             ... on level 4 of the Dungeon.
             The game lasted 00:24:05 (5076 turns).

jestyr24 the Conjurer (Draconian Conjurer)          Turns: 5076, Time: 00:24:05

Health: -3/48      AC:  6    Str:  9    XL:     6   Next: 3%
Magic:  2/11       EV: 12    Int: 20    God:    Vehumet [......]
Gold:   299        SH:  0    Dex: 10    Spells: 8/11 levels left

rFire    . . .     SeeInvis .   f - +0 war axe
rCold    . . .     Faith    .   (no shield)
rNeg     . . .     Spirit   .   (armour unavailable)
rPois    .         Reflect  .   (helmet restricted)
rElec    .         Harm     .   (no cloak)
rCorr    .         Rampage  .   (no gloves)
Will     .....                  (no boots)
Stlth    ++........             (no amulet)
HPRegen  0.16/turn              (no ring)
MPRegen  0.12/turn              (no ring)

@: no status effects
A: unfitting armour, cold-blooded, AC +6
a: Renounce Religion


You were on level 4 of the Dungeon.
You worshipped Vehumet.
Vehumet was noncommittal.
You visited 2 branches of the dungeon, and saw 6 of its levels.

You collected 299 gold pieces.

Inventory:

Hand Weapons
 a - a +0 short sword
 f - a +0 war axe (weapon)
 o - a +3 dagger
Missiles
 h - 24 poisoned darts
Jewellery
 k - a ring of willpower
 m - a ring of protection from fire
Wands
 i - a wand of flame (7)
 n - a wand of charming (8)
 p - a wand of random effects (13)
Scrolls
 b - a scroll of fear {unknown}
 c - 6 scrolls of identify {unknown}
 d - 7 scrolls of teleportation {unknown}
 e - a scroll of fog {unknown}
 g - a scroll of immolation {unknown}
 q - a scroll of enchant armour {unknown}
 r - a scroll of magic mapping {unknown}
Potions
 j - 3 potions of lignification {unknown}
 l - 4 potions of degeneration {unknown}


   Skills:
 + Level 2.0 Fighting
 - Level 0.2 Axes
 + Level 3.2 Dodging
 + Level 2.6 Stealth
 * Level 3.4 Spellcasting
 + Level 5.0 Conjurations


You had 8 spell levels left.
You knew the following spells:

 Your Spells              Type           Power      Damage    Failure   Level
a - Magic Dart            Conj           92%        1d7       1%          1
b - Searing Ray           Conj           46%        3d4       2%          2

Your spell library contained the following spells:

 Spells                   Type           Power      Damage    Failure   Level
 Dazzling Flash           Conj/Hex       26%        N/A       14%         3
 Fulminant Prism          Conj/Hex       6%         3d7       43%         4
 Iskenderun's Mystic Bla  Conj/Tloc      13%        2d5       43%         4


Dungeon Overview and Level Annotations

Branches:
Dungeon (5/15)             Temple (1/1) D:4

Altars:
Ashenzari
Dithmenos
Fedhas
Gozag
Hepliaklqana
Makhleb
Qazlal
Trog
Uskayaw
Vehumet
Yredelemnul
Zin
The Shining One


Innate Abilities, Weirdness & Mutations

Your plain brown scales are hard. (AC +6)
You cannot fit into any form of body armour.
You are cold-blooded and may be slowed by cold attacks.


Message History

Unknown command.
Casting: Searing Ray (safe; 2% risk of failure)
Confirm with . or Enter, or press ? or * to list all spells.
Aiming: Magic Dart (safe; 1% risk of failure)
Press: ? - help, Shift-Dir - straight line, f/p - phantom
Aim: a phantom (severely damaged, 0% to evade)
The magic dart hits the phantom but does no damage.
The phantom is severely damaged.
The phantom hits you but does no damage.
Unknown command.
Your magical contamination has completely faded away.
There is a stone staircase leading down here.
The phantom misses you.
You climb downwards.
A frilled lizard and a centaur come into view.
Found 17 gold pieces.
There is a stone staircase leading up here.
You barely miss the phantom.
The phantom is severely damaged.
The phantom hits you but does no damage.
You closely miss the phantom.
The phantom is severely damaged.
The phantom hits you.
* * * LOW HITPOINT WARNING * * *
The phantom blinks!
You blink.
The phantom barely misses you.
Found 10 gold pieces.
A bullfrog zombie comes into view.
The centaur shouts!
The centaur wields a +0 shortbow.
The centaur shoots an arrow.
The arrow barely misses you.
There is a stone staircase leading up here.
The centaur shoots an arrow.
The arrow hits you.
* * * LOW HITPOINT WARNING * * *
The phantom hits you but does no damage.
You climb upwards.
There is a stone staircase leading down here.
You barely miss the phantom.
The phantom is heavily damaged.
The phantom hits you!
You die...

....##......>...............†#...
....##........##............####.
.#..##........##..##.........###.
...........[..#....#..........###
..#..#...........###.......#..##.
.............#...#.###....##.....
..§≈.......#.......#.....##......
.≈⌠≈...............#.....#.....#.
.s≈≈...........W@.............##.
...........s..................#..
.................................
.........................#....#..
.........................#....#.#
.............................## #
.................###.........#
.(................ #...##.#.##
##...###........... ####


You could see a phantom and a scorpion.

Vanquished Creatures
  A scorpion (D:4)
  A crimson imp (D:1)
  Jessica (D:2)
  Terence (D:3)
  4 gnolls (D:3)
  A howler monkey skeleton (D:4)
  A worm (D:2)
  4 dart slugs
  4 leopard geckos
  3 orcs
  6 bats
  10 giant cockroaches
  2 gnoll zombies (D:2)
  8 goblins
  8 hobgoblins
  3 quokkas
  A frilled lizard (D:3)
  9 kobolds
  6 rats
74 creatures vanquished.

Notes
Turn   | Place    | Note
-------+----------+-------------------------------------------
     0 | D:1      | jestyr24 the Draconian Conjurer began the quest for the
                  | Orb.
     0 | D:1      | Reached XP level 1. HP: 14/14 MP: 3/3
   360 | D:1      | Reached XP level 2. HP: 20/20 MP: 1/5
  1018 | D:2      | Found a basalt altar of Yredelemnul.
  1400 | D:2      | Found a faded altar of an unknown god.
  1440 | D:2      | Reached XP level 3. HP: 7/26 MP: 0/6
  1637 | D:2      | Noticed Jessica
  1652 | D:2      | Killed Jessica
  2045 | D:2      | Found a burning altar of Makhleb.
  2482 | D:2      | Learned a level 2 spell: Searing Ray
  2486 | D:1      | Reached XP level 4. HP: 32/34 MP: 3/7
  2562 | D:2      | Reached skill level 1 in Fighting
  2676 | D:2      | Found a shadowy altar of Dithmenos.
  3558 | D:3      | Reached XP level 5. HP: 32/40 MP: 3/9
  3705 | D:3      | Noticed Terence
  3710 | D:3      | Killed Terence
  3761 | D:3      | Found a hide-covered altar of Uskayaw.
  4480 | D:4      | Reached skill level 5 in Conjurations
  4616 | D:4      | Reached XP level 6. HP: 31/48 MP: 11/11
  4737 | D:4      | Found a staircase to the Ecumenical Temple.
  4750 | Temple   | Entered the Ecumenical Temple
  4766 | Temple   | Became a worshipper of Vehumet
  5066 | D:5      | Entered Level 5 of the Dungeon
  5076 | D:4      | Slain by a phantom

Illustrated notes

Levels and vault maps discovered:
D:1:      dpeg_arrival_rhombus, layout_loops_ring
D:2:      layout_loops_ring, lemuel_zombie_altar_yredelemnul,
          makhleb_grotto_becter, nicolae_dithmenos_through_a_glass_darkly,
          chequers_ecumenical_altar_simple, corner_web_ring, uniq_jessica
D:3:      layout_loops_ring, nicolae_uskayaw_murder_on_the_dancefloor,
          patterned_corridor, uniq_terence
D:4:      layout_cave_pools, minmay_temple_entry_glassed_door,
          corexii_leaking_fountain
D:5:      old_forge, layout_basic, nemelex_xobeh_ov_fountains_minmay,
          uniq_crazy_yiuf_cottage
Temple:   jpeg_temple_island

Skill      XL: |  1  2  3  4  5 |
---------------+----------------+-----
Dodging        | 2 3 |  3.2
Stealth        | 2 |  2.6
Fighting       | 1 2 |  2.0
Spellcasting   | 3 |  3.4
Conjurations   | 5 |  5.0
Axes           | |  0.2

Action                   |  1- 3 |  4- 6 || total
-------------------------+-------+-------++-------
Melee: Short sword       |    72 |       ||    72
       Tailslap          |     9 |     6 ||    15
       War axe           |    88 |    97 ||   185
 Cast: Magic Dart        |    46 |    23 ||    69
       Searing Ray       |     1 |    18 ||    19
 Stab: Distracted        |     1 |       ||     1
       Sleeping          |       |     3 ||     3
Armor: Skin              |    72 |    38 ||   110
Dodge: Dodged            |   123 |    82 ||   205

Table legend: (Time is in decaauts)
 A = Elapsed time spent in this place.
 B = Non-inter-level travel time spent in this place.
 C = Inter-level travel time spent in this place.
 D = Time resting spent in this place.
 E = Time spent auto-exploring this place.
 F = Levels seen in this place.
 G = Mean time per level.
                   A        B        C        D        E       F      G
               +--------+--------+--------+--------+--------+-----+--------+
         Total |   5176 |   5048 |    128 |   1846 |   1620 |   6 |  862.7 |
       Dungeon |   5147 |   5019 |    128 |   1846 |   1620 |   5 | 1029.4 |
        Temple |     28 |     28 |      0 |      0 |      0 |   1 |   28.0 |
               +--------+--------+--------+--------+--------+-----+--------+

Top non-repeatable levels by time:
     D:2: 2314 daAuts
     D:3: 1148 daAuts
     D:1: 1093 daAuts
     D:4: 580 daAuts
  Temple: 28 daAuts
     D:5: 9 daAuts
